 Dungeon Crawl Stone Soup version 0.17-a0-1805-g6093636 (webtiles) character file.

121 Kidiri the Sneak (level 4, 0/21 HPs)
             Began as a Spriggan Enchanter on Sept 12, 2015.
             Slain by a gnoll
             ... wielding a +0 spear
              (6 damage)
             ... on level 3 of the Dungeon.
             The game lasted 00:11:53 (1812 turns).

Kidiri the Sneak (Spriggan Enchanter)               Turns: 1812, Time: 00:11:53

Health: 0/21       AC:  8    Str:  4    XL:     4   Next: 77%
Magic:  0/10       EV: 19    Int: 16    God:
Gold:   63         SH:  0    Dex: 17    Spells: 3 memorised, 4 levels left

rFire  . . .     SeeInvis +     i - +2 dagger (protect)
rCold  . . .     Clarity  .     b - +1 robe
rNeg   . . .     SustAt   .     (shield restricted)
rPois  .         Gourm    .     (helmet restricted)
rElec  .         Spirit   .     (no cloak)
rCorr  .         Warding  .     (gloves unavailable)
rMut   .         Stasis   .     (boots unavailable)
MR     .....                    (no amulet)
Stlth  +++.......               (no ring)
                                (no ring)

@: very quick, not resistant to hostile enchantments, fairly stealthy
A: unfitting armour, see invisible, herbivore 3, speed 3, slow metabolism 2
a: no special abilities


You were on level 3 of the Dungeon.
You were not hungry.

You visited 1 branch of the dungeon, and saw 3 of its levels.

You collected 63 gold pieces.

Inventory:

Hand weapons
 g - a +1 dagger of electrocution
 i - a +2 dagger of protection (weapon)
Missiles
 e - 4 curare-tipped needles
Armour
 b - a +1 robe (worn)
Scrolls
 a - a scroll of identify
 f - 2 scrolls of fog
 m - a scroll of noise
 n - a scroll of teleportation
Potions
 h - a potion of cancellation
 k - 3 potions of haste
 l - a potion of ambrosia
 o - a potion of flight
Books
 c - a book of Maledictions

   Spells                             Type                      Level
   a - Corona                         Hexes                        1
   b - Ensorcelled Hibernation        Hexes/Ice                    2
   c - Confuse                        Hexes                        3
   d - Tukima's Dance                 Hexes                        3
   e - Dazzling Spray                 Conjuration/Hexes            3
Comestibles
 d - a bread ration
 j - a slice of pizza


   Skills:
 + Level 1.4 Short Blades
 + Level 1.4 Throwing
 * Level 4.3 Dodging
 * Level 5.3 Stealth
 * Level 3.7 Spellcasting
 + Level 4.1 Hexes
 + Level 0.8 Ice Magic


You had 4 spell levels left.
You knew the following spells:

 Your Spells              Type           Power        Failure   Level  Hunger
a - Corona                Hex            ###....      3%          1    None
b - Ensorcelled Hibernat  Hex/Ice        ##....       12%         2    ##.....
c - Confuse               Hex            ###.....     12%         3    ###....


Dungeon Overview and Level Annotations

Branches:
Dungeon (3/15)

Altars:


Innate Abilities, Weirdness & Mutations

You are tiny and cannot use many weapons and most armour.
You have supernaturally acute eyesight.
You are a herbivore.
You cover ground extremely quickly.
You need consume almost no food.


Message History

The gnoll closely misses you.
Casting: Ensorcelled Hibernation
Confirm with . or Enter, or press ? or * to list all spells.
Aiming: Ensorcelled Hibernation
Press: ? - help, Shift-Dir - straight line, f/p - gnoll
Aim: a gnoll, wielding a club (chance to defeat MR: 50%)
The gnoll resists with some effort.
The gnoll hits you from afar with a spear!
The gnoll barely misses you.
Casting: Ensorcelled Hibernation
Confirm with . or Enter, or press ? or * to list all spells.
Aiming: Ensorcelled Hibernation
Press: ? - help, Shift-Dir - straight line, f/p - gnoll
Aim: a gnoll, wielding a club (chance to defeat MR: 50%)
The gnoll resists with some effort.
The gnoll hits you from afar with a spear.
You hit the gnoll but do no damage. The gnoll hits you with a club.
* * * LOW HITPOINT WARNING * * *
The gnoll hits you from afar with a spear.
You die...

..........###.....
..................
#####..#......##.
##......####.#
####.).#..........
#######........###.....
. ##.....g.....#..#
.....
##.....#.######..##
....
#........gg@.......
.>..
#.......####.....###
##. #.......####...###
##..(............
##.....###...#####
##...%......###
##........##.#
#..........#..
#.........[...


You could see 2 gnolls.

Vanquished Creatures
  A gnoll shaman (D:3)
  Terence (D:3)
  A gnoll (D:3)
  2 adders (D:3)
  A worm (D:2)
  4 hobgoblins
  6 bats
  5 giant cockroaches
  A giant gecko (D:1)
  4 giant newts (D:1)
  5 goblins
  10 kobolds
  4 rats
45 creatures vanquished.

Notes
Turn   | Place    | Note
--------------------------------------------------------------
     0 | D:1      | Kidiri the Spriggan Enchanter began the quest for the Orb.
     0 | D:1      | Reached XP level 1. HP: 9/9 MP: 5/5
   394 | D:1      | Reached XP level 2. HP: 13/13 MP: 6/6
   402 | D:1      | Learned a level 2 spell: Ensorcelled Hibernation
  1199 | D:2      | Reached XP level 3. HP: 16/16 MP: 8/8
  1204 | D:2      | Learned a level 3 spell: Confuse
  1543 | D:3      | Noticed Terence
  1557 | D:3      | Killed Terence
  1557 | D:3      | Reached skill level 5 in Stealth
  1631 | D:3      | Reached XP level 4. HP: 19/21 MP: 0/10
  1725 | D:3      | Reached skill level 1 in Throwing
  1812 | D:3      | Slain by a gnoll

Vault maps used:
D:1:      minmay_arrival_solitary_statue
D:3:      serial_bayou_lake_a, uniq_terence

Action                   |  1- 3 |  4- 6 || total
-------------------------+-------+-------++-------
Melee: Dagger            |    69 |     5 ||    74
 Cast: Corona            |     2 |       ||     2
       Ensorcelled Hiber |    15 |     8 ||    23
       Confuse           |     1 |       ||     1
  Use: Scroll            |     6 |     1 ||     7
 Stab: Sleeping          |    32 |     4 ||    36
